 Dungeon Crawl Stone Soup version 0.17-a0-1447-g3d113ad (webtiles) character file.

18215 matakusis the Basher (level 12, -2/89 HPs)
             Began as a Demonspawn Berserker on June 29, 2015.
             Was a High Priest of Trog.
             Slain by a two-headed ogre
             ... wielding a +0 giant spiked club
              (17 damage)
             ... on level 4 of the Orcish Mines.
             The game lasted 02:19:41 (12153 turns).

matakusis the Basher (Demonspawn Berserker)        Turns: 12153, Time: 02:19:41

Health: -2/89      AC: 25    Str: 22    XL:     12   Next: 25%
Magic:  12/12      EV:  4    Int: 10    God:    Trog [*****.]
Gold:   793        SH:  0    Dex: 13    Spells: 0 memorised, 11 levels left

rFire  + . .     SeeInvis .     T - +12 great mace of Killer Bee's Bane {flame, +Fly rN+ Str-2}
rCold  + + .     Clarity  .     M - +0 plate armour
rNeg   + + .     SustAt   .     (no shield)
rPois  .         Gourm    .     F - +0 helmet
rElec  .         Spirit   .     e - +1 cloak
rCorr  .         Warding  +     (no gloves)
rMut   .         Stasis   .     (boots unavailable)
MR     .....                    L - amulet of warding
Stlth  ..........               B - +3 ring of strength
                                o - ring of protection from cold

@: drained, not resistant to hostile enchantments, extremely unstealthy
A: hooves 3, rough black scales 2, blink 1, clever 1, cold resistance 1, fire
resistance 1, frail 1, mutation resistance 1, sense surroundings 1, powered by
death 3, wild magic 1
a: Blink, Burn Spellbooks, Berserk, Trog's Hand, Brothers in Arms, Renounce
Religion, Evoke Flight


You were on level 4 of the Orcish Mines.
You worshipped Trog.
Trog was extremely pleased with you.
You were very hungry.

You visited 3 branches of the dungeon, and saw 16 of its levels.

You collected 1691 gold pieces.
You spent 898 gold pieces at shops.

Inventory:

Hand weapons
 b - a +4 antimagic dire flail
 g - a +4 long sword of electrocution
 n - the +4 great sword of Terror {flame, rElec}
   (Trog gifted it to you on level 4 of the Orcish Mines)

   It has been specially enchanted to burn those struck by it, causing extra
   injury to most foes and up to half again as much damage against particularly
   susceptible opponents.
   Big, fiery blades are also staple armaments of hydra-hunters.
   It insulates you from electricity.
 y - the +4 hand axe of Plunder {elec, Str+2}
   (You found it on level 10 of the Dungeon)

   Occasionally, upon striking a foe, it will discharge some electrical energy
   and cause terrible harm.
   It affects your strength (+2).
 G - the +5 pair of quick blades "Gyre" and "Gimble" {pierce, Dex-3}
   (You found it on level 5 of the Dungeon)

   It inflicts extra damage upon your enemies.
   It affects your dexterity (-3).
 T - the +12 great mace of Killer Bee's Bane (weapon) {flame, +Fly rN+ Str-2}
   (Trog gifted it to you on level 8 of the Dungeon)

   It has been specially enchanted to burn those struck by it, causing extra
   injury to most foes and up to half again as much damage against particularly
   susceptible opponents.
   It affects your strength (-2).
   It protects you from negative energy.
   It lets you fly.
 U - a +6 great sword of distortion
Missiles
 A - a throwing net (quivered)
 P - 7 poisoned javelins
Armour
 e - a +1 cloak (worn)
 F - a +0 helmet (worn)
 M - a +0 plate armour (worn)
Jewellery
 a - an uncursed ring of invisibility
 o - a ring of protection from cold (left hand)
 B - a +3 ring of strength (right hand)
 L - an amulet of warding (around neck)
 W - an uncursed ring of poison resistance
Magical devices
 t - a wand of slowing (35)
 E - a wand of disintegration (19)
 H - a wand of magic darts (17)
 Z - a wand of slowing (31)
Scrolls
 h - a scroll of magic mapping
 i - 2 scrolls of teleportation
 k - a scroll of immolation
 q - 7 scrolls of remove curse
 v - a scroll of summoning
 w - a scroll of blinking
 x - a scroll of fog
 z - a scroll of noise
 K - a scroll of torment
 N - a scroll of fear
Potions
 d - a potion of might
 j - 2 potions of flight
 p - 3 potions of resistance
 r - a potion of brilliance
 s - a potion of ambrosia
 C - 2 potions of lignification
 R - a potion of haste
 Y - a potion of cancellation
Miscellaneous
 S - a disc of storms
Comestibles
 c - 7 bread rations
 f - 21 fruits
 l - 14 chunks of flesh
 u - 3 beef jerkies
 O - 5 meat rations
 V - 7 slices of pizza


   Skills:
 * Level 10.6(10.4) Fighting
 + Level 3.8 Short Blades
 - Level 1.0(2.4) Long Blades
 + Level 0.5(7.3) Axes
 * Level 11.6(11.4) Maces & Flails
 * Level 10.0(9.8) Armour
 + Level 4.7(4.5) Dodging


You had 11 spell levels left.
You didn't know any spells.

Dungeon Overview and Level Annotations

Branches:
Dungeon (11/15)            Temple (1/1) D:4             Orc (4/4) D:11
    Elf (0/3) Orc:3
   Lair: D:8-11

Altars:
Ashenzari
Cheibriados
Dithmenos
Elyvilon
Fedhas
Gozag
Kikubaaqudgha
Makhleb
Nemelex Xobeh
Okawaru
Qazlal
Ru
Sif Muna
Trog
Vehumet
Xom
Yredelemnul
Zin
The Shining One
Lugonu

Shops:
D:9 :   D:11 ?   Orc:4 *?

Annotations:
D:8 exclusion: ice statue


Innate Abilities, Weirdness & Mutations

You have hooves in place of feet.
You are mostly covered in rough black scales (AC +7, Dex -2).
You regenerate a lot of health from kills.
You can translocate small distances at will.
Your mind is acute. (Int +2)
Your flesh is cold resistant.
Your flesh is heat resistant.
You are frail (-10% HP).
You are somewhat resistant to further mutation.
You passively map a small area around you.
Your spells are a little harder to cast, but a little more powerful.


Message History

A two-headed ogre comes into view.
It is wielding a giant spiked club and a giant club.
The two-headed ogre shouts in stereo!
An ogre comes into view. It is wielding a giant club.
The two-headed ogre hits you but does no damage.
The two-headed ogre closely misses you.
You feel less regenerative.
The two-headed ogre hits you with a giant spiked club!
* * * LOW HITPOINT WARNING * * *
The two-headed ogre hits you but does no damage.
You feel yourself speed up.
The two-headed ogre hits you with a giant spiked club!
* * * LOW HITPOINT WARNING * * *
The two-headed ogre barely misses you.
Some of the chunks of flesh in your inventory have rotted away.
You feel less exhausted.
Things that are here:
a ring mail; a short sword; a leather armour
There is a stone staircase leading up here.
The two-headed ogre hits you with a giant spiked club!
You die...

<..........##.##
.........).#.##
..............#
.............##
..............##
......#........####
............#..##.##
.........#.........#
.............#OO@.##
......#..#.........#
...............).)##
...............)))##
...................#
...........##.....##
,.....#.####....# ,
...... ##...# , *
..... * ##.##


You could see a two-headed ogre and an ogre.

Vanquished Creatures
  A hydra (D:10)
  2 orc high priests (Orc:4)
  An unseen horror (D:10)
  An orc knight (Orc:4)
  4 hill giants
  2 cyclopes
  A manticore (D:11)
  2 sixfirhies (Orc:4)
  A gargoyle (D:10)
  Grinder (D:4)
  Prince Ribbit (D:5)
  A troll (D:9)
  A deep elf mage (D:9)
  Sigmund (D:5)
  14 yaks
  A hungry ghost (D:8)
  A steam dragon (D:10)
  A neqoxec (Orc:4)
  5 wargs
  A water moccasin (D:10)
  8 sky beasts
  19 orc warriors
  A black bear (D:8)
  11 ogres
  2 phantoms
  2 ice beasts
  4 giant frogs
  4 centaurs
  5 big kobolds
  A gnoll sergeant (D:8)
  A scorpion (D:6)
  3 killer bees (D:8)
  6 crimson imps
  6 hounds
  A giant frog skeleton (D:10)
  A quasit (D:8)
  2 centaur skeletons
  6 jellies
  5 iguanas
  24 orc priests
  13 orc wizards
  5 worker ants
  2 sheep (D:10)
  A hound skeleton (D:4)
  7 gnolls
  7 adders
  A shadow imp (D:9)
  An adder skeleton (D:6)
  A worm (D:3)
  7 giant geckos
  160 orcs
  A bat skeleton (D:7)
  5 giant cockroaches
  23 hobgoblins
  5 jackals (D:3)
  27 kobolds
  6 quokkas
  11 bats
  A giant gecko zombie (D:7)
  5 giant newts
  22 goblins
  A quokka zombie (D:6)
  14 rats
  2 bushes
  A fungus (Orc:2)
  6 plants
490 creatures vanquished.

Vanquished Creatures (others)
  A hound (D:8)
  A giant frog skeleton (D:8)
  A hobgoblin (D:8)
  A rat (D:8)
4 creatures vanquished.

Grand Total: 494 creatures vanquished

Notes
Turn   | Place    | Note
--------------------------------------------------------------
     0 | D:1      | matakusis the Demonspawn Berserker began the quest for the Orb.
     0 | D:1      | Reached XP level 1. HP: 18/18 MP: 1/1
   236 | D:1      | Gained mutation: You regenerate a little health from kills. [demonic ancestry]
   236 | D:1      | Reached XP level 2. HP: 18/24 MP: 2/2
   580 | D:2      | Acquired Trog's second power
   851 | D:2      | Gained mutation: You are partially covered in rough black scales (AC +4, Dex -1). [demonic ancestry]
   851 | D:2      | Reached XP level 3. HP: 29/29 MP: 3/3
   864 | D:2      | Found a blossoming altar of Fedhas.
   864 | D:2      | Found an ancient bone altar of Kikubaaqudgha.
  1218 | D:2      | Reached XP level 4. HP: 28/35 MP: 4/4
  1409 | D:2      | Gained mutation: Your muscles are strong. (Str +2) [potion of beneficial mutation]
  1751 | D:3      | Noticed a sky beast
  1764 | D:3      | Killed a sky beast
  1764 | D:3      | Reached skill level 4 in Maces & Flails
  1764 | D:3      | Gained mutation: You are mostly covered in rough black scales (AC +7, Dex -2). [demonic ancestry]
  1764 | D:3      | Reached XP level 5. HP: 16/42 MP: 5/5
  1770 | D:3      | Gained mutation: Your flesh is heat resistant. [mutagenic meat]
  2497 | D:3      | Found a bloodstained altar of Trog.
  2506 | D:3      | Gained mutation: You have large cloven feet. [demonic ancestry]
  2506 | D:3      | Reached XP level 6. HP: 48/48 MP: 6/6
  2561 | D:3      | Acquired Trog's third power
  2621 | D:4      | Found a staircase to the Ecumenical Temple.
  2646 | Temple   | Entered the Ecumenical Temple
  3012 | D:4      | Noticed Grinder
  3013 | D:4      | Paralysed by Grinder for 6 turns
  3025 | D:4      | Paralysed by Grinder for 3 turns
  3068 | D:4      | Killed Grinder
  3068 | D:4      | Reached skill level 5 in Maces & Flails
  3068 | D:4      | Reached XP level 7. HP: 50/54 MP: 7/7
  3253 | D:5      | Entered Level 5 of the Dungeon
  3282 | D:5      | Noticed Prince Ribbit
  3292 | D:5      | Killed Prince Ribbit
  3339 | D:5      | Noticed Sigmund
  3374 | D:5      | Killed Sigmund
  3374 | D:5      | Reached skill level 6 in Maces & Flails
  3601 | D:5      | Found a sacrificial altar of Ru.
  3601 | D:5      | Found a glowing silver altar of Zin.
  3601 | D:5      | Found a deep blue altar of Sif Muna.
  3977 | D:5      | Found a burning altar of Makhleb.
  4071 | D:5      | Found a shimmering altar of Xom.
  4283 | D:5      | Reached skill level 5 in Armour
  4283 | D:5      | Gained mutation: You regenerate health from kills. [demonic ancestry]
  4283 | D:5      | Reached XP level 8. HP: 59/61 MP: 8/8
  4527 | D:6      | Gained mutation: You are resistant to hostile enchantments. [mutagenic meat]
  4528 | D:6      | Lost mutation: You are resistant to hostile enchantments. [mutagenic meat]
  4695 | D:6      | Reached skill level 1 in Short Blades
  4695 | D:6      | Reached skill level 7 in Maces & Flails
  4723 | D:6      | Reached skill level 5 in Fighting
  5662 | D:7      | Gained mutation: You regenerate a lot of health from kills. [demonic ancestry]
  5662 | D:7      | Reached XP level 9. HP: 68/68 MP: 9/9
  6205 | D:7      | Received a gift from Trog
  6239 | D:7      | Gained mutation: Your mind is acute. (Int +2) [potion of mutation]
  6239 | D:7      | Lost mutation: Your muscles are strong. (Str +2) [potion of mutation]
  6239 | D:7      | Gained mutation: You have hoof-like feet. [potion of mutation]
  6275 | D:7      | Found a shattered altar of Ashenzari.
  6476 | D:8      | Found a shimmering altar of Xom.
  6550 | D:8      | Gained mutation: Your magical capacity is low (-10% MP). [mutagenic meat]
  6551 | D:8      | Gained mutation: Your flesh is cold resistant. [mutagenic meat]
  6567 | D:8      | Found a glowing golden altar of the Shining One.
  6578 | D:8      | Found a snail-covered altar of Cheibriados.
  6698 | D:8      | Received a gift from Trog
  6702 | D:8      | Got an ichor-stained great mace {god gift}
  6712 | D:8      | Identified the +12 great mace of Killer Bee's Bane {flame, +Fly rN+ Str-2} (Trog gifted it to you on level 8 of the Dungeon)
  6901 | D:8      | Noticed an ice statue
  7297 | D:9      | Gained mutation: You are somewhat resistant to further mutation. [mutagenic meat]
  7364 | D:9      | Reached skill level 8 in Maces & Flails
  7364 | D:9      | Reached XP level 10. HP: 70/77 MP: 9/9
  7479 | D:9      | Found Raoli's Book Emporium.
  7482 | D:9      | Bought a book of Cantrips for 220 gold pieces
  7482 | D:9      | Bought a book of Maledictions for 275 gold pieces
  7588 | D:9      | Found a bloodstained altar of Trog.
  7865 | D:9      | Reached skill level 9 in Maces & Flails
  7980 | D:10     | Entered Level 10 of the Dungeon
  8096 | D:10     | Noticed a hill giant
  8101 | D:10     | Killed a hill giant
  8151 | D:10     | Received a gift from Trog
  8231 | D:10     | Got a steaming hand axe
  8232 | D:10     | Identified the +4 hand axe of Plunder {elec, Str+2} (You found it on level 10 of the Dungeon)
  8337 | D:10     | Noticed a hill giant
  8913 | D:10     | Killed an unseen horror
  8993 | D:10     | Noticed a two-headed hydra
  8995 | D:10     | Reached XP level 11. HP: 85/87 MP: 9/9
  9005 | D:10     | Killed a two-headed hydra
  9007 | D:10     | Reached skill level 10 in Maces & Flails
  9404 | D:10     | Killed a hill giant
  9651 | D:11     | Found a staircase to the Orcish Mines.
  9651 | D:11     | Noticed a hill giant
  9655 | D:11     | Killed a hill giant
  9825 | D:11     | Lost mutation: Your magical capacity is low (-10% MP). [mutagenic meat]
  9827 | D:11     | Gained mutation: You can translocate small distances at will. [mutagenic meat]
  9828 | D:11     | Gained mutation: You passively map a small area around you. [mutagenic meat]
  9830 | D:11     | Gained mutation: Your spells are a little harder to cast, but a little more powerful. [mutagenic meat]
  9851 | D:11     | Noticed a hill giant
  9858 | D:11     | Killed a hill giant
  9964 | D:11     | Found Norph's Magic Scroll Boutique.
 10002 | D:11     | Received a gift from Trog
 10088 | Orc:1    | Entered Level 1 of the Orcish Mines
 10692 | Orc:2    | Received a gift from Trog
 10802 | Orc:3    | Reached skill level 11 in Maces & Flails
 11151 | Orc:3    | Found a staircase to the Elven Halls.
 11602 | Orc:4    | Entered Level 4 of the Orcish Mines
 11647 | Orc:4    | Reached skill level 1 in Long Blades
 11723 | Orc:4    | Received a gift from Trog
 11728 | Orc:4    | Got a jewelled great sword {god gift}
 11764 | Orc:4    | Identified the +4 great sword of Terror {flame, rElec} (Trog gifted it to you on level 4 of the Orcish Mines)
 11803 | Orc:4    | Found Orru's Magic Scroll Shoppe.
 11820 | Orc:4    | Reached skill level 10 in Fighting
 11822 | Orc:4    | Found Nugaerer's General Store.
 11830 | Orc:4    | Gained mutation: You have hooves in place of feet. [demonic ancestry]
 11830 | Orc:4    | Reached XP level 12. HP: 85/97 MP: 12/12
 11875 | Orc:4    | Gained mutation: You are frail (-10% HP). [a neqoxec]
 11954 | Orc:4    | Bought a scroll of summoning for 161 gold pieces
 11954 | Orc:4    | Bought a meat ration for 85 gold pieces
 11956 | Orc:4    | Bought a scroll of blinking for 112 gold pieces
 11956 | Orc:4    | Bought a scroll of teleportation for 45 gold pieces
 12080 | Orc:4    | Noticed an orc high priest
 12083 | Orc:4    | Noticed an orc high priest
 12085 | Orc:4    | Killed an orc high priest
 12088 | Orc:4    | Noticed a soul eater
 12088 | Orc:4    | Noticed an orc high priest
 12093 | Orc:4    | Killed an orc high priest
 12093 | Orc:4    | Reached skill level 10 in Armour
 12096 | Orc:4    | Noticed an orc high priest
 12153 | Orc:4    | Slain by a two-headed ogre

Vault maps used:
D:1:      roderic_chinese_lattice_arrival, minmay_unequal
D:2:      grunt_temple_overflow_growth_and_decay, first_bread
D:3:      minmay_hedge_maze, trog_hazing_becter
D:4:      minmay_temple_entry_purple_smoke, uniq_grinder
D:5:      overflow_temple_1_default, kennysheep_mini,
          gammafunk_temple_overflow_forgotten, uniq_sigmund, uniq_prince_ribbit1
D:6:      hangedman_cross_stitches
D:7:      cheibrodos_ashenzari_chains
D:8:      lemuel_ice_statue, grunt_temple_overflow_open, xom_confusion_cloud
D:9:      lightli_temple_of_fire, serial_shops, nicolae_shop_behind_doors
D:10:     hangedman_ranch
D:11:     orc_0_dummy, serial_shops, nicolae_shop_stone
Temple:   corrupted_temple
Orc:1:    uniq_snorg
Orc:3:    nicolae_orc_pool_cavern, nicolae_orc_tapped_out
Orc:4:    pf_orc_diabolical, uniq_maurice

Action                   |  1- 3 |  4- 6 |  7- 9 | 10-12 || total
-------------------------+-------+-------+-------+-------++-------
Melee: Mace              |   113 |   114 |       |       ||   227
       Great mace        |       |   149 |   143 |   457 ||   749
       Pair of quick bla |       |       |   187 |       ||   187
       Hand axe          |       |       |       |    14 ||    14
       Long sword        |       |       |       |   116 ||   116
Throw: Tomahawk          |     1 |       |     3 |       ||     4
       Throwing net      |       |       |       |     1 ||     1
Invok: Berserk           |       |     1 |     4 |     4 ||     9
       Burn Spellbooks   |       |       |     2 |     1 ||     3
 Abil: Evoke Flight      |       |       |     1 |       ||     1
Evoke: Disc of storms    |       |       |       |     1 ||     1
  Use: Scroll            |       |     9 |    14 |     8 ||    31
       Potion            |       |     1 |     2 |     5 ||     8
  Eat: Chunk             |     1 |    10 |    14 |    24 ||    49
       Bread ration      |       |       |     2 |     1 ||     3
       Fruit             |       |       |     1 |       ||     1
